 Dungeon Crawl Stone Soup version 0.30.0-18-gc0e69614cb (webtiles) character file.

Game seed: 11593802276707025906

35 JanusIIV the Shooter (level 3, 0/21 HPs)
             Began as a Deep Elf Hunter on May 25, 2023.
             Killed from afar by Sigmund (10 damage)
             ... with a magic dart
             ... on level 2 of the Dungeon.
             The game lasted 00:01:52 (1136 turns).

JanusIIV the Shooter (Deep Elf Hunter)              Turns: 1136, Time: 00:01:52

Health: 0/21       AC:  3    Str:  8    XL:     3   Next: 17%
Magic:  5/5        EV: 13    Int: 13    God:
Gold:   147        SH:  0    Dex: 20    Spells: 2/2 levels left

rFire   . . .        a - +0 shortbow
rCold   . . .        (shield currently unavailable)
rNeg    . . .        c - +0 leather armour
rPois   .            (no helmet)
rElec   .            (no cloak)
rCorr   .            (no gloves)
SInv    .            (no boots)
Will    .....        (no amulet)
Stlth   ++           (no ring)
HPRegen 0.23/turn    (no ring)
MPRegen 0.09/turn

%: no passive effects
@: no status effects
A: no striking features
a: no special abilities


You were on level 2 of the Dungeon.
You visited 1 branch of the dungeon, and saw 2 of its levels.

You collected 147 gold pieces.

Inventory:

Hand Weapons
 a - a +0 shortbow (weapon)
Missiles
 j - 2 throwing nets
Armour
 c - a +0 leather armour (worn)
Jewellery
 d - a ring of flight
Scrolls
 b - 2 scrolls of immolation
 g - 2 scrolls of identify {unknown}
 h - a scroll of teleportation {unknown}
 i - a scroll of noise {unknown}
 l - a scroll of enchant armour {unknown}
Potions
 e - 2 potions of curing {unknown}
 f - a potion of lignification {unknown}
 k - a potion of attraction {unknown}


   Skills:
 + Level 2.1 Fighting
 + Level 5.8 Ranged Weapons
 + Level 3.2 Dodging
 - Level 1.2 Stealth


You had 2 spell levels left.
You didn't know any spells.
Your spell library contained the following spells:

 Spells                   Type           Power      Damage    Failure   Level
 Portal Projectile        Hex/Tloc       0%         N/A       80%         3
 Tukima's Dance           Hex            0%         N/A       80%         3
 Blade Hands              Tmut           0%         N/A       100%        5


Dungeon Overview and Level Annotations

Branches:
Dungeon (2/15)

Altars:

Shops:
D:1 !

Annotations:
D:2 Sigmund


Message History

Sigmund the Dreaded comes into view.
He is wielding a +0 scythe.
A rat comes into view.
You shoot an arrow.
Sigmund shouts!
The arrow hits the hobgoblin!
You kill the hobgoblin!
You shoot an arrow.
The arrow hits the rat but does no damage.
You shoot an arrow. The arrow hits the rat!
You kill the rat!
Okay, then.
Okay, then.
Sigmund points at you and mumbles some strange words.
You resist with some effort. Sigmund casts a spell at you.
You are confused.
Sigmund casts a spell at you.
You are more confused.
You bump into the rock wall.
You bump into the rock wall.
You're too confused to move!
Sigmund barely misses you.
Sigmund points at you and mumbles some strange words.
You resist with some effort.
You bump into the rock wall.
You feel less confused.
Sigmund's eyes start glowing with a red light.
Sigmund points at you and mumbles some strange words.
You are confused.
You bump into the rock wall.
You bump into the rock wall.
Sigmund misses you. Sigmund misses you.
You feel less confused. Sigmund gestures at you while chanting.
The magic dart hits you.
Sigmund points at you and mumbles some strange words.
The magic dart hits you.
There is a stone staircase leading up here.
Sigmund gestures at you while chanting. The magic dart hits you!
You die...

### ..# ########### #.#
#...^...... ####### #.#
#.#####.#.. .....# #.# #.#
#.### #.#.####.#####.#####.#
#.................##.###
#>..####................
#......@...@.........###
.#####...............#.#### #
.....................#.# #
...............###.#.#.######
................##.#.#.......
.###..........#.##.#.#######.
#..........#.##.#.# #.
#.......[..#.##.#.#######.
#...............#....@....


You could see Sigmund.

Vanquished Creatures
  An adder (D:2)
  2 ball pythons (D:2)
  2 endoplasms
  A giant cockroach (D:1)
  3 goblins (D:1)
  5 hobgoblins
  2 jackals (D:1)
  3 bats (D:1)
  2 frilled lizards (D:1)
  A kobold (D:1)
  2 rats
24 creatures vanquished.

Notes
Turn   | Place    | Note
-------+----------+-------------------------------------------
     0 | D:1      | JanusIIV the Deep Elf Hunter began the quest for the Orb.
     0 | D:1      | Reached XP level 1. HP: 12/12 MP: 3/3
    32 | D:1      | Found Laceot's Distillery.
   198 | D:1      | Reached XP level 2. HP: 14/17 MP: 4/4
   442 | D:1      | You fall into a shaft and drop 1 floor!
   986 | D:2      | Reached XP level 3. HP: 16/21 MP: 5/5
  1088 | D:2      | Noticed Sigmund
  1136 | D:2      | Killed from afar by Sigmund

Illustrated notes

Levels and vault maps discovered:
D:1:      matt_arrival_diagonals, layout_basic, serial_shops, shop_statue
D:2:      layout_loops_ring, uniq_sigmund

Skill      XL: |  1  2 |
---------------+-------+-----
Fighting       | 2 |  2.1
Dodging        | 3 |  3.2
Ranged Weapons | |  5.8
Stealth        | |  1.2

Action                     || total
---------------------------++-------
   Fire: Shortbow          ||    56
 Armour: Leather armour    ||    10
  Dodge: Dodged            ||    26
